TOP OF THE 1ST |
Pennsylvania State University Nittany Lions batting - Pitching for Wichita State University Shockers : RHP Justin Williams
|
Pitching: RHP Justin Williams
|
|
Batting: RHB Chris Trites
|
0-0: Ground out U3 (Groundball, 34S, EV 79.4 MPH)
|
Batting: RHB Alberto Bravo
|
0-0: Called Strike 0-1: Ball 1-1: Ball 2-1: Swinging Strike 2-2: Ground out 5-3 (Groundball, 56, EV 106.9 MPH)
|
Batting: LHB Bob Govella
|
0-0: Ball 1-0: Ground out 6-3 (Groundball, 6, EV 102.5 MPH)
|
Top of the 1st over - 0 runs, 0 hits, 0 errors, 0 left on base; Pennsylvania State University 0 - Wichita State University 0 |
BOTTOM OF THE 1ST |
Wichita State University Shockers batting - Pitching for Pennsylvania State University Nittany Lions : RHP David Lopez
|
Pitching: RHP David Lopez
|
|
Batting: RHB Rafael Irizarry
|
0-0: Ground out 6-3 (Groundball, 56, EV 83.1 MPH)
|
Batting: LHB Dong-u Chang
|
0-0: Fly out, F8 (Flyball, 8RD, EV 101.9 MPH)
|
Batting: RHB Israel Quinteros
|
0-0: Foul Ball, location: 2F 0-1: Swinging Strike 0-2: Strikes out swinging
|
Bottom of the 1st over - 0 runs, 0 hits, 0 errors, 0 left on base; Pennsylvania State University 0 - Wichita State University 0 |
TOP OF THE 2ND |
Pennsylvania State University Nittany Lions batting - Pitching for Wichita State University Shockers : RHP Justin Williams
|
Batting: SHB Noah Long
|
0-0: Swinging Strike 0-1: Foul Ball, location: 2F 0-2: Ball 1-2: Strikes out looking
|
Batting: RHB Matt Derrien
|
0-0: Foul Ball, location: 2F 0-1: Ball 1-1: Ball 2-1: Foul Ball, location: 2F 2-2: Strikes out looking
|
Batting: LHB Dario Segura
|
0-0: Ball 1-0: DOUBLE (Line Drive, 3D, EV 102.5 MPH)
|
Batting: SHB Emmet Brickowski
|
0-0: Ball 1-0: Swinging Strike 1-1: Ball 2-1: Ball 3-1: Ground out 4-3 (Groundball, 4, EV 107.5 MPH)
|
Top of the 2nd over - 0 runs, 1 hit, 0 errors, 1 left on base; Pennsylvania State University 0 - Wichita State University 0 |
BOTTOM OF THE 2ND |
Wichita State University Shockers batting - Pitching for Pennsylvania State University Nittany Lions : RHP David Lopez
|
Batting: SHB Nadhir Umayr
|
0-0: Swinging Strike 0-1: Ground out 4-3 (Groundball, 4, EV 83.8 MPH)
|
Batting: LHB Bill Girton
|
0-0: SOLO HOME RUN (Flyball, 89XD, EV 110.0 MPH), Distance : 409 ft
|
Batting: SHB Isaiah Bias
|
0-0: Called Strike 0-1: Fly out, F7 (Flyball, 7S, EV 96.9 MPH)
|
Batting: RHB Alex Campos
|
0-0: Called Strike 0-1: Foul Ball, location: 2F 0-2: Strikes out looking
|
Bottom of the 2nd over - 1 run, 1 hit, 0 errors, 0 left on base; Pennsylvania State University 0 - Wichita State University 1 |
TOP OF THE 3RD |
Pennsylvania State University Nittany Lions batting - Pitching for Wichita State University Shockers : RHP Justin Williams
|
Batting: SHB Jose Melendez
|
0-0: Ball 1-0: Ball 2-0: Ball 3-0: Called Strike 3-1: Foul Ball, location: 2F 3-2: Fly out, F7 (Flyball, 78S, EV 90.0 MPH)
|
Batting: RHB Eddie Morin
|
0-0: Foul Ball, location: 2F 0-1: Ball 1-1: Called Strike 1-2: Strikes out swinging
|
Batting: RHB Chris Trites
|
0-0: Called Strike 0-1: Ball 1-1: Fly out, F9 (Flyball, 89S, EV 85.0 MPH)
|
Top of the 3rd over - 0 runs, 0 hits, 0 errors, 0 left on base; Pennsylvania State University 0 - Wichita State University 1 |
BOTTOM OF THE 3RD |
Wichita State University Shockers batting - Pitching for Pennsylvania State University Nittany Lions : RHP David Lopez
|
Batting: RHB Yutaka Yamane
|
0-0: Ball 1-0: Ball 2-0: Hit by Pitch
|
Batting: RHB Ziven Badersky
|
0-0: Ball 1-0: Called Strike 1-1: Foul Ball, location: 2F 1-2: Strikes out looking
|
Batting: RHB Rafael Irizarry
|
0-0: Called Strike 0-1: Ball 1-1: Foul Ball, location: 2F 1-2: Strikes out swinging
|
Batting: LHB Dong-u Chang
|
0-0: Fly out, F8 (Line Drive, 8LD, EV 86.2 MPH)
|
Bottom of the 3rd over - 0 runs, 0 hits, 0 errors, 1 left on base; Pennsylvania State University 0 - Wichita State University 1 |
TOP OF THE 4TH |
Pennsylvania State University Nittany Lions batting - Pitching for Wichita State University Shockers : RHP Justin Williams
|
Batting: RHB Alberto Bravo
|
0-0: Ball 1-0: Fly out, F3 (Popup, 23F, EV 82.5 MPH)
|
Batting: LHB Bob Govella
|
0-0: Called Strike 0-1: Ball 1-1: Called Strike 1-2: Ball 2-2: Ball 3-2: Foul Ball, location: 2F 3-2: Foul Ball, location: 2F 3-2: Ground out 4-3 (Groundball, 4, EV 85.0 MPH)
|
Batting: SHB Noah Long
|
0-0: Swinging Strike 0-1: SINGLE (Flyball, 6MD, EV 98.8 MPH)
|
Batting: RHB Matt Derrien
|
0-0: Ball 1-0: Foul Ball, location: 2F 1-1: Called Strike 1-2: Foul Ball, location: 2F 1-2: Strikes out swinging
|
Top of the 4th over - 0 runs, 1 hit, 0 errors, 1 left on base; Pennsylvania State University 0 - Wichita State University 1 |
BOTTOM OF THE 4TH |
Wichita State University Shockers batting - Pitching for Pennsylvania State University Nittany Lions : RHP David Lopez
|
Batting: RHB Israel Quinteros
|
0-0: Foul Ball, location: 2F 0-1: Ball 1-1: Swinging Strike 1-2: Strikes out looking
|
Batting: SHB Nadhir Umayr
|
0-0: Called Strike 0-1: Foul Ball, location: 2F 0-2: Ball 1-2: Foul Ball, location: 2F 1-2: Foul Ball, location: 2F 1-2: Ball 2-2: Foul Ball, location: 2F 2-2: Foul Ball, location: 2F 2-2: Ball 3-2: Foul Ball, location: 2F 3-2: Foul Ball, location: 2F 3-2: Foul Ball, location: 2F 3-2: DOUBLE (Line Drive, 7LS, EV 108.8 MPH)
|
Batting: LHB Bill Girton
|
0-0: Called Strike 0-1: Ball 1-1: Ball 2-1: Foul Ball, location: 2F 2-2: Foul Ball, location: 2F 2-2: Ball 3-2: SINGLE (Groundball, 4, EV 93.8 MPH) Nadhir Umayr to third Runner from 3rd tries for Home, SAFE, throw by CF to home
|
Batting: SHB Isaiah Bias
|
0-0: Called Strike 0-1: Ball 1-1: SINGLE (Groundball, 4MD, EV 105.0 MPH) Bill Girton to second Runner from 2nd tries for 3rd, SAFE, no throw by CF
|
Batting: RHB Alex Campos
|
0-0: Ball 1-0: Called Strike 1-1: Ball 2-1: Ball 3-1: Foul Ball, location: 2F 3-2: Fly out, F7 (Flyball, 78S, EV 92.5 MPH)
|
Batting: RHB Yutaka Yamane
|
0-0: Foul Ball, location: 2F 0-1: Ball 1-1: Fielders Choice at 2nd, 6-4 (Groundball, 6, EV 99.4 MPH)
|
Bottom of the 4th over - 1 run, 3 hits, 0 errors, 2 left on base; Pennsylvania State University 0 - Wichita State University 2 |
TOP OF THE 5TH |
Pennsylvania State University Nittany Lions batting - Pitching for Wichita State University Shockers : RHP Justin Williams
|
Batting: LHB Dario Segura
|
0-0: Called Strike 0-1: Ball 1-1: Fly out, F9 (Flyball, 89S, EV 87.5 MPH)
|
Batting: SHB Emmet Brickowski
|
0-0: Called Strike 0-1: Foul Ball, location: 2F 0-2: Ball 1-2: DOUBLE (Line Drive, 7LM, EV 110.0 MPH)
|
Batting: SHB Jose Melendez
|
0-0: Called Strike 0-1: Ball 1-1: Ball 2-1: Swinging Strike 2-2: Foul Ball, location: 2F 2-2: SINGLE (Line Drive, 89S, EV 103.8 MPH) Emmet Brickowski to third Runner from 3rd tries for Home, SAFE, throw by RF to home
|
Batting: RHB Eddie Morin
|
0-0: Swinging Strike 0-1: Called Strike 0-2: Fly out, F7 (Line Drive, 7S, EV 98.1 MPH)
|
Batting: RHB Chris Trites
|
0-0: Ball 1-0: SINGLE (Groundball, 4MD, EV 103.1 MPH) Jose Melendez to second Runner from 2nd tries for 3rd, OUT! 8-5
|
Top of the 5th over - 1 run, 3 hits, 0 errors, 1 left on base; Pennsylvania State University 1 - Wichita State University 2 |
BOTTOM OF THE 5TH |
Wichita State University Shockers batting - Pitching for Pennsylvania State University Nittany Lions : RHP David Lopez
|
Batting: RHB Ziven Badersky
|
0-0: Fly out, F9 (Flyball, 9, EV 93.1 MPH)
|
Batting: RHB Rafael Irizarry
|
0-0: Ground out 6-3 (Groundball, 6, EV 91.9 MPH)
|
Batting: LHB Dong-u Chang
|
0-0: Ball 1-0: Ball 2-0: Foul Ball, location: 2F 2-1: Ball 3-1: Base on Balls
|
Batting: RHB Israel Quinteros
|
0-0: Ball 1-0: Fielders Choice at 2nd, 6-4 (Groundball, 6, EV 88.8 MPH)
|
Bottom of the 5th over - 0 runs, 0 hits, 0 errors, 1 left on base; Pennsylvania State University 1 - Wichita State University 2 |
TOP OF THE 6TH |
Pennsylvania State University Nittany Lions batting - Pitching for Wichita State University Shockers : RHP Justin Williams
|
Batting: RHB Alberto Bravo
|
0-0: Ball 1-0: Foul Ball, location: 2F 1-1: Foul Ball, location: 2F 1-2: Reached on error, E5 (Groundball, 56, EV 85.0 MPH)
|
Batting: LHB Bob Govella
|
0-0: Foul Ball, location: 2F 0-1: Called Strike Alberto Bravo steals 2nd base 0-2: Ground out 2-3 (Groundball, 13S, EV 66.2 MPH) Alberto Bravo to third
|
Batting: SHB Noah Long
|
0-0: Called Strike 0-1: Ball 1-1: Ground out 3-1 (Groundball, 34S, EV 90.6 MPH)
|
Pitching: LHP Jason Hahn
|
|
Batting: RHB Matt Derrien
|
0-0: Ball 1-0: Ball 2-0: Foul Ball, location: 2F 2-1: Swinging Strike 2-2: Foul Ball, location: 2F 2-2: Foul Ball, location: 2F 2-2: Foul Ball, location: 2F 2-2: Strikes out swinging
|
Top of the 6th over - 0 runs, 0 hits, 1 error, 1 left on base; Pennsylvania State University 1 - Wichita State University 2 |
BOTTOM OF THE 6TH |
Wichita State University Shockers batting - Pitching for Pennsylvania State University Nittany Lions : RHP David Lopez
|
Batting: SHB Nadhir Umayr
|
0-0: Called Strike 0-1: Ball 1-1: Foul Ball, location: 2F 1-2: DOUBLE (Line Drive, 89D, EV 113.8 MPH)
|
Pinch Runner at 2nd Ed Mosqueda:
|
|
Batting: LHB Bill Girton
|
0-0: Intentional Walk
|
Batting: SHB Isaiah Bias
|
0-0: Sac Bunt to P - play at first, batter OUT! 1-4 Ed Mosqueda to third Bill Girton to second
|
Batting: RHB Alex Campos
|
0-0: Intentional Walk
|
Pitching: RHP Chi-young Chuko
|
|
Batting: RHB Yutaka Yamane
|
0-0: Called Strike 0-1: Fly out, F9 (Line Drive, 9S, EV 90.0 MPH)
|
Batting: RHB Ziven Badersky
|
0-0: Ball 1-0: Called Strike 1-1: SINGLE (Groundball, 6MD, EV 101.9 MPH) Ed Mosqueda scores Bill Girton to third Alex Campos to second Runner from 3rd tries for Home, SAFE, throw by CF to home
|
Batting: RHB Rafael Irizarry
|
0-0: Ball 1-0: Ball 2-0: Foul Ball, location: 2F 2-1: Ball 3-1: Base on Balls Alex Campos to third Ziven Badersky to second
|
Batting: LHB Dong-u Chang
|
0-0: Ball 1-0: Called Strike 1-1: Ball 2-1: Called Strike 2-2: Foul Ball, location: 2F 2-2: Fly out, F8 (Flyball, 8LM, EV 81.2 MPH)
|
Bottom of the 6th over - 2 runs, 2 hits, 0 errors, 3 left on base; Pennsylvania State University 1 - Wichita State University 4 |
TOP OF THE 7TH |
Pennsylvania State University Nittany Lions batting - Pitching for Wichita State University Shockers : LHP Jason Hahn
|
Now at 1B: Alex Rosaly
|
|
Batting: LHB Dario Segura
|
0-0: Ball 1-0: Called Strike 1-1: Called Strike 1-2: Foul Ball, location: 2F 1-2: Ball 2-2: Foul Ball, location: 2F 2-2: Ground out 5-3 (Groundball, 6, EV 101.2 MPH)
|
Batting: SHB Emmet Brickowski
|
0-0: Ball 1-0: Ground out 3-1 (Groundball, 34, EV 86.2 MPH)
|
Batting: SHB Jose Melendez
|
0-0: SINGLE (Line Drive, 7S, EV 99.4 MPH)
|
Batting: RHB Eddie Morin
|
0-0: Ball 1-0: Foul Ball, location: 2F 1-1: Ball 2-1: Ball 3-1: Base on Balls Jose Melendez to second
|
Batting: RHB Chris Trites
|
0-0: Swinging Strike 0-1: Swinging Strike 0-2: Ball 1-2: Strikes out swinging
|
Top of the 7th over - 0 runs, 1 hit, 0 errors, 2 left on base; Pennsylvania State University 1 - Wichita State University 4 |
BOTTOM OF THE 7TH |
Wichita State University Shockers batting - Pitching for Pennsylvania State University Nittany Lions : RHP Chi-young Chuko
|
Batting: RHB Israel Quinteros
|
0-0: Ball 1-0: Swinging Strike 1-1: Fly out, F8 (Flyball, 89S, EV 77.5 MPH)
|
Batting: RHB Alex Rosaly
|
0-0: Called Strike 0-1: Ball 1-1: Foul Ball, location: 2F 1-2: Ball 2-2: Fly out, F7 (Flyball, 7, EV 79.4 MPH)
|
Batting: LHB Bill Girton
|
0-0: Ball 1-0: Foul Ball, location: 2F 1-1: Fly out, F9 (Flyball, 9S, EV 86.2 MPH)
|
Bottom of the 7th over - 0 runs, 0 hits, 0 errors, 0 left on base; Pennsylvania State University 1 - Wichita State University 4 |
TOP OF THE 8TH |
Pennsylvania State University Nittany Lions batting - Pitching for Wichita State University Shockers : LHP Jason Hahn
|
Pitching: LHP Robert Soto
|
|
Batting: RHB Alberto Bravo
|
0-0: SINGLE (Groundball, 56D, EV 102.5 MPH)
|
Pinch Hitting: RHB Brad Adams Jr.
|
0-0: Fly out, F9 (Flyball, 89D, EV 102.5 MPH)
|
Batting: SHB Noah Long
|
0-0: Ball 1-0: Ball 2-0: Ball 3-0: Called Strike 3-1: Base on Balls Alberto Bravo to second
|
Batting: RHB Matt Derrien
|
0-0: Fly out, F4 (Popup, 34, EV 56.2 MPH)
|
Batting: LHB Dario Segura
|
0-0: Called Strike 0-1: Ball 1-1: Foul Ball, location: 2F 1-2: Foul Ball, location: 2F 1-2: Foul Ball, location: 2F 1-2: Fly out, F6 (Popup, 6M, EV 63.8 MPH)
|
Top of the 8th over - 0 runs, 1 hit, 0 errors, 2 left on base; Pennsylvania State University 1 - Wichita State University 4 |
BOTTOM OF THE 8TH |
Wichita State University Shockers batting - Pitching for Pennsylvania State University Nittany Lions : RHP Chi-young Chuko
|
Now in RF: Jwahir Pili
|
|
Batting: SHB Isaiah Bias
|
0-0: Called Strike 0-1: Ball 1-1: Ball 2-1: Fly out, F2 (Popup, 2LF, EV 90.0 MPH)
|
Batting: RHB Alex Campos
|
0-0: Ball 1-0: Ball 2-0: Ball 3-0: Base on Balls
|
Batting: RHB Yutaka Yamane
|
0-0: Called Strike 0-1: Foul Ball, location: 2F 0-2: Foul Ball, location: 2F 0-2: Ball 1-2: 2-RUN HOME RUN (Flyball, 7D, EV 98.1 MPH), Distance : 366 ft
|
Batting: RHB Ziven Badersky
|
0-0: Ground out 6-3 (Groundball, 56, EV 96.2 MPH)
|
Batting: RHB Rafael Irizarry
|
0-0: Ball 1-0: Swinging Strike 1-1: Ball 2-1: Ball 3-1: Ground out 5-3 (Groundball, 56S, EV 85.6 MPH)
|
Bottom of the 8th over - 2 runs, 1 hit, 0 errors, 0 left on base; Pennsylvania State University 1 - Wichita State University 6 |
TOP OF THE 9TH |
Pennsylvania State University Nittany Lions batting - Pitching for Wichita State University Shockers : LHP Robert Soto
|
Pinch Hitting: RHB Scott Talbot
|
0-0: Fly out, F8 (Flyball, 89D, EV 101.2 MPH)
|
Batting: SHB Jose Melendez
|
0-0: Ball 1-0: Ball 2-0: Called Strike 2-1: Ball 3-1: Called Strike 3-2: SINGLE (Line Drive, 34D, EV 95.0 MPH)
|
Pinch Hitting: RHB Bill Crogan
|
0-0: Called Strike 0-1: Foul Ball, location: 2F 0-2: Ball 1-2: Grounds into double play, 6-4-3 (Groundball, 6, EV 99.4 MPH)
|
Top of the 9th over - 0 runs, 1 hit, 0 errors, 0 left on base; Pennsylvania State University 1 - Wichita State University 6 |
|